 Dungeon Crawl Stone Soup version 0.23-a0-730-g0b75920 (webtiles) character file.

210 Lanoc the Ruffian (level 5, -4/79 HPs)
             Began as a Troll Monk on Jan 17, 2019.
             Killed by divine providence
             ... invoked by an orc priest
              (14 damage)
             ... on level 4 of the Dungeon.
             The game lasted 00:03:23 (1902 turns).

Lanoc the Ruffian (Troll Monk)                      Turns: 1902, Time: 00:03:25

Health: -4/79      AC: 22    Str: 20    XL:     5   Next: 57%
Magic:  4/4        EV:  1    Int:  8    God:
Gold:   300        SH:  0    Dex: 12    Spells: 4/4 levels left

rFire    . . .     SeeInvis .     - Unarmed
rCold    . . .     Gourm    +   (no shield)
rNeg     + + +     Faith    .   (armour currently unavailable)
rPois    +         Spirit   .   (helmet currently unavailable)
rElec    .         Reflect  .   (cloak currently unavailable)
rCorr    .         Harm     .   (gloves unavailable)
MR       .....     NoTele   +   (boots unavailable)
Stlth    ++........             (no amulet)
HPRegen  0.63/turn              (no ring)
MPRegen  0.09/turn              o - +2 ring of intelligence

@: lethally poisoned (-4 -> -6), tree-form
A: large, unfitting armour, fast metabolism 3, gourmand, regeneration 1
a: no special abilities


You were on level 4 of the Dungeon.
You were full.
You were a tree.
You visited 1 branch of the dungeon, and saw 4 of its levels.

You collected 300 gold pieces.

Inventory:

Missiles
 h - 4 needles of sleeping
Armour
 a - a +0 robe (melded)
Jewellery
 o - a +2 ring of intelligence (right branch)
Wands
 m - a wand of flame (6)
Scrolls
 c - a scroll of enchant weapon {unknown}
 d - 2 scrolls of enchant armour {unknown}
 e - 3 scrolls of remove curse
 f - 4 scrolls of identify {unknown}
 j - 2 scrolls of magic mapping {unknown}
 l - 2 scrolls of immolation {unknown}
 q - a scroll of teleportation {unknown}
 r - a scroll of random uselessness {unknown}
Potions
 g - a potion of lignification
 i - 4 potions of flight {unknown}
 k - 3 potions of curing {unknown}
 n - a potion of might {unknown}
 p - 3 potions of degeneration {unknown}
 s - a potion of resistance {unknown}
 t - 2 potions of heal wounds {unknown}
Comestibles
 b - 10 rations


   Skills:
 + Level 3.3 Fighting
 + Level 3.3 Dodging
 - Level 1.0 Stealth
 * Level 5.0 Unarmed Combat


You had 4 spell levels left.
You didn't know any spells.
Your spell library was empty.

Dungeon Overview and Level Annotations

Branches:
Dungeon (4/15)
 Temple: D:4-7

Altars:
Fedhas
Kikubaaqudgha
Wu Jian


Innate Abilities, Weirdness & Mutations

You are too large for most types of armour.
((You have claws for hands.))
Your metabolism is lightning-fast.
You like to eat raw meat.
Your natural rate of healing is unusually fast.
((You are covered in fur. (AC +1)))
((You have very tough skin. (AC +2)))


Message History

The orc is severely wounded.
You feel sick. The worker ant bites you!
An orc priest comes into view.
The orc priest shouts!
You scratch the orc.
You kill the orc!
Your Unarmed Combat skill increases to level 5!
You feel sick. The worker ant closely misses you.
The orc priest miscasts a cantrip.
The orc priest invokes the aid of Beogh against you.
Beogh smites you!
* * * LOW HITPOINT WARNING * * *
It was a potion of lignification.
You turn into a tree.
Your +0 robe melds into your body.
Your roots penetrate the ground.
You feel sick.
The worker ant waves its antennae.
The worker ant bites you but does no damage.
The orc priest calls down the wrath of Beogh upon you.
Beogh smites you!
You die...

##.≈≈.≈.## ###≈≈_≈≈.#
#### # #.≈≈≈≈.##### ...#
###≈≈≈.≈.....#####...###
........................
#######................#
# #.####.###.......# 8
#......#.†.)o##### .
#.######.#♣#.# . _#.#
#.#a#.#'### . .#### #
#oo....o. 8 .8##
#........ # 8##
#.#...... ## #.#......
#.#.#+### #.# # ### ...


You could see a worker ant, 2 orc priests and an orc.

Vanquished Creatures
  An orc wizard (D:4)
  An orc priest (D:3)
  A worker ant (D:2)
  Robin (D:2)
  3 adders (D:2)
  A gnoll (D:1)
  An adder skeleton (D:4)
  3 worms
  2 dart slugs (D:2)
  2 leopard geckos (D:3)
  7 orcs
  A ball python (D:3)
  14 goblins
  6 hobgoblins
  3 quokkas
  3 bats
  A frilled lizard (D:2)
  3 kobolds (D:2)
  5 rats
59 creatures vanquished.

Vanquished Creatures (others)
  A leopard gecko (D:4)
  3 toadstools (D:3)
4 creatures vanquished.

Grand Total: 63 creatures vanquished

Notes
Turn   | Place    | Note
-------+----------+-------------------------------------------
     0 | D:1      | Lanoc the Troll Monk began the quest for the Orb.
     0 | D:1      | Reached XP level 1. HP: 22/22 MP: 0/0
   152 | D:1      | Reached XP level 2. HP: 28/29 MP: 1/1
   413 | D:2      | Reached XP level 3. HP: 27/36 MP: 2/2
   501 | D:2      | Noticed Robin
   520 | D:2      | Reached skill level 4 in Unarmed Combat
   537 | D:2      | Killed Robin
   537 | D:2      | Reached XP level 4. HP: 14/44 MP: 3/3
  1210 | D:3      | Found an ancient bone altar of Kikubaaqudgha.
  1342 | D:3      | Reached XP level 5. HP: 17/53 MP: 4/4
  1856 | D:4      | Found a blossoming altar of Fedhas.
  1869 | D:4      | Found an ornate altar of the Wu Jian Council.
  1901 | D:4      | Reached skill level 5 in Unarmed Combat
  1902 | D:4      | Killed from afar by an orc priest

Vault maps used:
D:1:      dpeg_arrival_rooms_b
D:2:      grunt_ministairs_3, uniq_robin
D:3:      kiku_gazebo_pond_becter, first_ration, hangedman_decor_push,
          minmay_gold_behind_fungi, grunt_ministairs_14
D:4:      lemuel_upstairs_altar, fedhas_altar_2, evilmike_ruin_ashenzari,
          nicolae_overflow_hidden_temple, gammafunk_temple_overflow_statue,
          minmay_parallelograms

Skill      XL: |  1  2  3  4  5 |
---------------+----------------+-----
Unarmed Combat | 4 5 |  5.0
Dodging        | 3 |  3.3
Fighting       | 3 |  3.3
Stealth        | |  1.0

Action                   |  1- 3 |  4- 6 || total
-------------------------+-------+-------++-------
Melee: Unarmed           |    66 |    71 ||   137
       Punch             |     3 |     2 ||     5
  Use: Scroll            |       |     1 ||     1
       Potion            |       |     1 ||     1
 Stab: Sleeping          |       |     3 ||     3
  Eat: Chunk             |     8 |    11 ||    19
Armor: Robe              |    18 |    19 ||    37
       Skin              |       |     1 ||     1
Dodge: Dodged            |    47 |    25 ||    72

Table legend:
 A = Non-vault XP
 B = Vault XP
 C = Vault XP percentage of total XP
 D = Non-vault monster count
 E = Vault monster count
 F = Vault count percentage of total count
                 A         B        C        D         E       F
            +---------+---------+-------+---------+---------+-------
      Total |     256 |      45 |  15.0 |      42 |      16 |  27.6
            +---------+---------+-------+---------+---------+-------
        D:1 |      24 |       0 |   0.0 |       8 |       0 |   0.0
        D:2 |     108 |      43 |  28.5 |      18 |      15 |  45.5
        D:3 |      68 |       2 |   2.9 |      11 |       1 |   8.3
        D:4 |      56 |       0 |   0.0 |       5 |       0 |   0.0
            +---------+---------+-------+---------+---------+-------
